IL
ROCHESTER RED WINGS @ TACOMA RAINIERS
07/12/2047
 
TOP OF THE 1ST
Rochester Red Wings batting - Pitching for Tacoma Rainiers : RHP Kyle Ridgeway
Pitching: RHP Kyle Ridgeway
Batting: RHB Manuel Juarez 0-0: Ball
1-0: Foul Ball, location: 2F
1-1: Ball
2-1: Ball
3-1: Base on Balls
Batting: LHB Matt Robertson 0-0: Foul Ball, location: 2F
0-1: Ball
1-1: Ball
Manuel Juarez is caught stealing 2nd base 2-6
2-1: Foul Ball, location: 2F
2-2: Ball
3-2: Strikes out swinging
Batting: RHB Matthew Starr 0-0: Foul Ball, location: 2F
0-1: Foul Ball, location: 2F
0-2: Foul Ball, location: 2F
0-2: Ball
1-2: Ball
2-2: Strikes out swinging
Top of the 1st over - 0 runs, 0 hits, 0 errors, 0 left on base; Rochester 0 - Tacoma 0
BOTTOM OF THE 1ST
Tacoma Rainiers batting - Pitching for Rochester Red Wings : RHP Ryan Graham
Pitching: RHP Ryan Graham
Batting: RHB Brad Robidas 0-0: Ball
1-0: Fly out, F7 (Flyball, 7D, EV 105.6 MPH)
Batting: LHB Jawad Fahad 0-0: Ground out 6-3 (Groundball, 6, EV 100.6 MPH)
Batting: LHB Josh Pittman 0-0: Ball
1-0: Ball
2-0: Ball
3-0: Base on Balls
Batting: LHB Ryan Lowe 0-0: Ball
1-0: DOUBLE (Line Drive, 9LD, EV 110.0 MPH)
Josh Pittman to third
Batting: RHB Rick Ellis 0-0: Ball
1-0: Ball
2-0: Ball
3-0: Called Strike
3-1: Foul Ball, location: 2F
3-2: Foul Ball, location: 2F
3-2: Ground out 6-3 (Groundball, 6S, EV 74.4 MPH)
Bottom of the 1st over - 0 runs, 1 hit, 0 errors, 2 left on base; Rochester 0 - Tacoma 0
TOP OF THE 2ND
Rochester Red Wings batting - Pitching for Tacoma Rainiers : RHP Kyle Ridgeway
Batting: LHB Jayden Thomas 0-0: Ball
1-0: Swinging Strike
1-1: Ball
2-1: Ball
3-1: Base on Balls
Batting: LHB Israel Montoya 0-0: Called Strike
0-1: Ball
1-1: Ball
2-1: TRIPLE (Flyball, 78XD, EV 106.2 MPH)
Jayden Thomas scores
Batting: RHB Israel Gaona 0-0: Ball
1-0: Foul Ball, location: 2F
1-1: Ball
2-1: Fly out, F8 (Flyball, 8LS, EV 88.1 MPH)
Batting: RHB Jose Nunez 0-0: Ball
1-0: Ball
2-0: Ground out 4-3 (Groundball, 4, EV 101.9 MPH)
Israel Montoya scores
Batting: RHB Jimmy Mayville 0-0: Ground out 6-3 (Groundball, 6M, EV 83.1 MPH)
Top of the 2nd over - 2 runs, 1 hit, 0 errors, 0 left on base; Rochester 2 - Tacoma 0
BOTTOM OF THE 2ND
Tacoma Rainiers batting - Pitching for Rochester Red Wings : RHP Ryan Graham
Batting: RHB Bill Vives 0-0: Reached on error, E4 (Groundball, 4, EV 85.6 MPH)
Batting: RHB Max Schellekens 0-0: Foul Ball, location: 2F
0-1: Foul Ball, location: 2F
0-2: Ball
1-2: SINGLE (Groundball, 4MD, EV 99.4 MPH)
Bill Vives to second
Batting: RHB Steve Martin 0-0: Swinging Strike
0-1: SINGLE (Line Drive, 89S, EV 106.9 MPH)
Bill Vives to third
Max Schellekens to second
Batting: SHB Brendan Bundy 0-0: Ball
1-0: Called Strike
1-1: Ball
2-1: Ball
3-1: SINGLE (Line Drive, 3D, EV 94.4 MPH)
Bill Vives scores
Max Schellekens to third
Steve Martin to second
Batting: RHB Brad Robidas 0-0: Ball
1-0: Foul Ball, location: 2F
1-1: Called Strike
1-2: Reached on error, E2 (Groundball, 2L, EV 62.5 MPH)
Max Schellekens scores
Steve Martin to third
Brendan Bundy to second
Batting: LHB Jawad Fahad 0-0: Called Strike
0-1: Foul Ball, location: 2F
0-2: Ball
1-2: Ball
2-2: Strikes out swinging
Batting: LHB Josh Pittman 0-0: Ball
1-0: Grounds into fielders choice 1-2 (Groundball, 13S, EV 70.0 MPH)
Brendan Bundy to third
Brad Robidas to second
Batting: LHB Ryan Lowe 0-0: Ball
1-0: Ground out 4-3 (Groundball, 4, EV 82.5 MPH)
Bottom of the 2nd over - 2 runs, 3 hits, 2 errors, 3 left on base; Rochester 2 - Tacoma 2
TOP OF THE 3RD
Rochester Red Wings batting - Pitching for Tacoma Rainiers : RHP Kyle Ridgeway
Batting: RHB Jon Hice 0-0: Called Strike
0-1: Ball
1-1: Foul Ball, location: 2F
1-2: Strikes out swinging
Batting: RHB Manuel Juarez 0-0: Called Strike
0-1: Ball
1-1: Foul Ball, location: 2F
1-2: Ball
2-2: Strikes out swinging
Batting: LHB Matt Robertson 0-0: Called Strike
0-1: Ball
1-1: Ball
2-1: Ball
3-1: Base on Balls
Batting: RHB Matthew Starr 0-0: Ball
1-0: Ball
Matt Robertson steals 2nd base
2-0: Foul Ball, location: 2F
2-1: Ground out U3 (Groundball, 3, EV 83.1 MPH)
Top of the 3rd over - 0 runs, 0 hits, 0 errors, 1 left on base; Rochester 2 - Tacoma 2
BOTTOM OF THE 3RD
Tacoma Rainiers batting - Pitching for Rochester Red Wings : RHP Ryan Graham
Batting: RHB Rick Ellis 0-0: Called Strike
0-1: Ball
1-1: Ground out 6-3 (Groundball, 6, EV 91.2 MPH)
Batting: RHB Bill Vives 0-0: Called Strike
0-1: Ball
1-1: Ball
2-1: Ground out 6-3 (Groundball, 6, EV 82.5 MPH)
Batting: RHB Max Schellekens 0-0: DOUBLE (Line Drive, 8RXD, EV 101.9 MPH)
Batting: RHB Steve Martin 0-0: Swinging Strike
0-1: Ball
1-1: Ball
2-1: Ball
3-1: SINGLE (Groundball, 56D, EV 95.0 MPH)
Max Schellekens to third
Runner from 3rd tries for Home, throw by LF and OUT! 7-2
Bottom of the 3rd over - 0 runs, 2 hits, 0 errors, 1 left on base; Rochester 2 - Tacoma 2
TOP OF THE 4TH
Rochester Red Wings batting - Pitching for Tacoma Rainiers : RHP Kyle Ridgeway
Batting: LHB Jayden Thomas 0-0: Ball
1-0: Ball
2-0: Ball
3-0: Base on Balls
Batting: LHB Israel Montoya 0-0: Called Strike
0-1: Called Strike
0-2: Ball
1-2: Ball
2-2: Foul Ball, location: 2F
2-2: Fly out, F7 (Flyball, 7LM, EV 88.1 MPH)
Batting: RHB Israel Gaona 0-0: Foul Ball, location: 2F
0-1: Ball
1-1: Ball
2-1: Ball
3-1: Called Strike
3-2: Fielders Choice at 2nd, 6-4 (Groundball, 6D, EV 88.1 MPH)
Batting: RHB Jose Nunez 0-0: Ball
1-0: Called Strike
1-1: Ball
2-1: Called Strike
2-2: Foul Ball, location: 2F
2-2: Foul Ball, location: 2F
2-2: Foul Ball, location: 2F
2-2: Fly out, F8 (Flyball, 8LD, EV 83.8 MPH)
Top of the 4th over - 0 runs, 0 hits, 0 errors, 1 left on base; Rochester 2 - Tacoma 2
BOTTOM OF THE 4TH
Tacoma Rainiers batting - Pitching for Rochester Red Wings : RHP Ryan Graham
Batting: SHB Brendan Bundy 0-0: Ball
1-0: Foul Ball, location: 2F
1-1: Swinging Strike
1-2: Foul Ball, location: 2F
1-2: Ground out 4-3 (Groundball, 4, EV 107.5 MPH)
Batting: RHB Brad Robidas 0-0: Called Strike
0-1: Ground out 1-3 (Groundball, 13S, EV 75.6 MPH)
Batting: LHB Jawad Fahad 0-0: Foul Ball, location: 2F
0-1: Called Strike
0-2: SINGLE (Line Drive, 78S, EV 90.0 MPH)
Batting: LHB Josh Pittman 0-0: Ball
1-0: Ball
2-0: Swinging Strike
2-1: Ball
3-1: Fly out, F8 (Flyball, 8LM, EV 95.6 MPH)
Bottom of the 4th over - 0 runs, 1 hit, 0 errors, 1 left on base; Rochester 2 - Tacoma 2
TOP OF THE 5TH
Rochester Red Wings batting - Pitching for Tacoma Rainiers : RHP Kyle Ridgeway
Batting: RHB Jimmy Mayville 0-0: Ball
1-0: SINGLE (Groundball, 56D, EV 103.8 MPH)
Batting: RHB Jon Hice 0-0: Ball
1-0: Ground out 5-3 (Groundball, 56S, EV 70.0 MPH)
Jimmy Mayville to second
Batting: RHB Manuel Juarez 0-0: Ball
1-0: Called Strike
1-1: Swinging Strike
1-2: Strikes out swinging
Batting: LHB Matt Robertson 0-0: Called Strike
0-1: Called Strike
0-2: Strikes out swinging
Top of the 5th over - 0 runs, 1 hit, 0 errors, 1 left on base; Rochester 2 - Tacoma 2
BOTTOM OF THE 5TH
Tacoma Rainiers batting - Pitching for Rochester Red Wings : RHP Ryan Graham
Batting: LHB Ryan Lowe 0-0: Ball
1-0: SINGLE (Groundball, 34D, EV 108.1 MPH)
Batting: RHB Rick Ellis 0-0: Called Strike
0-1: Ball
1-1: Swinging Strike
1-2: Foul Ball, location: 2F
1-2: Ball
2-2: Fielders Choice at 2nd, 5-4 (Groundball, 5, EV 101.9 MPH)
Batting: RHB Bill Vives 0-0: Called Strike
0-1: Called Strike
0-2: Strikes out swinging
Batting: RHB Max Schellekens 0-0: Ball
1-0: Ball
2-0: Ball
3-0: Called Strike
3-1: SINGLE (Groundball, 4D, EV 102.5 MPH)
Rick Ellis to second
Runner from 2nd tries for 3rd, SAFE, throw by CF made to third
Batting: RHB Steve Martin 0-0: Foul Ball, location: 2F
0-1: Ball
1-1: Called Strike
1-2: Ball
2-2: Ball
3-2: Foul Ball, location: 2F
3-2: DOUBLE (Flyball, 8LXD, EV 104.4 MPH)
Rick Ellis scores
Max Schellekens to third
Max Schellekens scores
Batting: SHB Brendan Bundy 0-0: Ball
1-0: Called Strike
1-1: Foul Ball, location: 2F
1-2: Strikes out swinging
Bottom of the 5th over - 2 runs, 3 hits, 0 errors, 1 left on base; Rochester 2 - Tacoma 4
TOP OF THE 6TH
Rochester Red Wings batting - Pitching for Tacoma Rainiers : RHP Kyle Ridgeway
Batting: RHB Matthew Starr 0-0: Called Strike
0-1: Ball
1-1: Called Strike
1-2: Strikes out swinging
Batting: LHB Jayden Thomas 0-0: Called Strike
0-1: Swinging Strike
0-2: Foul Ball, location: 2F
0-2: Ball
1-2: Strikes out swinging
Batting: LHB Israel Montoya 0-0: Ball
1-0: Ball
2-0: Called Strike
2-1: Ball
3-1: SOLO HOME RUN (Line Drive, 9LD, EV 96.9 MPH), Distance : 349 ft
Batting: RHB Israel Gaona 0-0: Called Strike
0-1: Foul Ball, location: 2F
0-2: Ball
1-2: Foul Ball, location: 2F
1-2: Reached on error, E5 (Groundball, 56, EV 108.1 MPH)
Pitching: RHP David Lane
Batting: RHB Jose Nunez 0-0: Foul Ball, location: 2F
0-1: Ball
1-1: Fly out, F8 (Flyball, 78M, EV 85.6 MPH)
Top of the 6th over - 1 run, 1 hit, 1 error, 1 left on base; Rochester 3 - Tacoma 4
BOTTOM OF THE 6TH
Tacoma Rainiers batting - Pitching for Rochester Red Wings : RHP Ryan Graham
Pitching: LHP Josh Gunderson
Batting: RHB Brad Robidas 0-0: Ball
1-0: Ball
2-0: Ball
3-0: Base on Balls
Batting: LHB Jawad Fahad 0-0: Foul Ball, location: 2F
0-1: DOUBLE (Flyball, 78D, EV 93.1 MPH)
Brad Robidas to third
Runner from 3rd tries for Home, SAFE, no throw by LF
Batting: LHB Josh Pittman 0-0: Ground out 4-3 (Groundball, 4, EV 103.8 MPH)
Jawad Fahad to third
Batting: LHB Ryan Lowe 0-0: Ball
1-0: Called Strike
1-1: Fly out, F7 (Flyball, 7D, EV 84.4 MPH)
Runner from 3rd tags up, SCORES, no throw by LF
Batting: RHB Rick Ellis 0-0: Foul Ball, location: 2F
0-1: DOUBLE (Line Drive, 78D, EV 107.5 MPH)
Batting: RHB Bill Vives 0-0: SINGLE (Groundball, 6MS, EV 71.2 MPH) (infield hit)
Rick Ellis to third
Batting: RHB Max Schellekens 0-0: DOUBLE (Line Drive, 7LM, EV 111.9 MPH)
Rick Ellis scores
Bill Vives to third
Runner from 3rd tries for Home, throw by LF and OUT! 7-6-2
Bottom of the 6th over - 3 runs, 4 hits, 0 errors, 1 left on base; Rochester 3 - Tacoma 7
TOP OF THE 7TH
Rochester Red Wings batting - Pitching for Tacoma Rainiers : RHP David Lane
Now in LF: Brendan Bundy
Now in CF: Kagetoki Kawai
Batting: RHB Jimmy Mayville 0-0: Ball
1-0: Reached on error, E5 (Groundball, 56, EV 88.8 MPH)
Batting: RHB Jon Hice 0-0: Foul Ball, location: 2F
0-1: Foul Ball, location: 2F
0-2: Strikes out swinging
Batting: RHB Manuel Juarez 0-0: Called Strike
0-1: DOUBLE (Line Drive, 89M, EV 93.8 MPH)
Jimmy Mayville scores
Batting: LHB Matt Robertson 0-0: Ball
1-0: Foul Ball, location: 2F
1-1: Swinging Strike
1-2: Ball
2-2: Ball
3-2: Base on Balls
Batting: RHB Matthew Starr 0-0: Ball
1-0: Called Strike
1-1: SINGLE (Flyball, 8LS, EV 80.6 MPH)
Manuel Juarez to third
Matt Robertson to second
Batting: LHB Jayden Thomas 0-0: Ball
1-0: Ball
2-0: Called Strike
2-1: Ball
3-1: Foul Ball, location: 2F
3-2: Fly out, F8 (Flyball, 8RD, EV 90.0 MPH)
Runner from 3rd tags up, OUT at HOME! 8-2
Top of the 7th over - 1 run, 2 hits, 1 error, 2 left on base; Rochester 4 - Tacoma 7
BOTTOM OF THE 7TH
Tacoma Rainiers batting - Pitching for Rochester Red Wings : LHP Josh Gunderson
Pitching: RHP Carlos Palacios
Batting: RHB Steve Martin 0-0: Ball
1-0: Ball
2-0: Ball
3-0: Called Strike
3-1: Reached on error, E4 (Groundball, 4, EV 98.1 MPH)
Batting: SHB Brendan Bundy 0-0: Called Strike
0-1: Swinging Strike
0-2: Ball
1-2: Foul Ball, location: 2F
1-2: Ball
2-2: Ball
3-2: Base on Balls
Batting: RHB Brad Robidas 0-0: Ball
1-0: Bunt missed!
1-1: Bunt missed!
1-2: SINGLE (Groundball, 4M, EV 108.8 MPH) (infield hit)
Steve Martin to third
Brendan Bundy to second
Batting: LHB Jawad Fahad 0-0: Ball
1-0: Ball
2-0: Ball
3-0: Base on Balls
Steve Martin scores
Brendan Bundy to third
Brad Robidas to second
Batting: RHB Kagetoki Kawai 0-0: Ball
1-0: Swinging Strike
1-1: Fly out, F7 (Line Drive, 7, EV 91.2 MPH)
Runner from 3rd tags up, SCORES, throw by LF
Batting: LHB Ryan Lowe 0-0: Ball
1-0: Ball
2-0: Ball
3-0: Base on Balls
Brad Robidas to third
Jawad Fahad to second
Batting: RHB Rick Ellis 0-0: Called Strike
0-1: Ball
1-1: Swinging Strike
1-2: Ball
2-2: Foul Ball, location: 2F
2-2: Fielders Choice at 2nd, 5-4 (Groundball, 56, EV 85.6 MPH)
Brad Robidas scores
Jawad Fahad to third
Batting: RHB Bill Vives 0-0: Ground out U3 (Groundball, 34S, EV 67.5 MPH)
Bottom of the 7th over - 3 runs, 1 hit, 1 error, 2 left on base; Rochester 4 - Tacoma 10
TOP OF THE 8TH
Rochester Red Wings batting - Pitching for Tacoma Rainiers : RHP David Lane
Batting: LHB Israel Montoya 0-0: Ball
1-0: SINGLE (Groundball, 4M, EV 97.5 MPH) (infield hit)
Batting: RHB Israel Gaona 0-0: Foul Ball, location: 2F
0-1: Swinging Strike
0-2: Ball
1-2: Strikes out swinging
Batting: RHB Jose Nunez 0-0: Called Strike
0-1: Foul Ball, location: 2F
0-2: Foul Ball, location: 2F
0-2: Ball
1-2: Strikes out looking
Batting: RHB Jimmy Mayville 0-0: Foul Ball, location: 2F
0-1: Ball
1-1: Swinging Strike
1-2: Strikes out swinging
Top of the 8th over - 0 runs, 1 hit, 0 errors, 1 left on base; Rochester 4 - Tacoma 10
BOTTOM OF THE 8TH
Tacoma Rainiers batting - Pitching for Rochester Red Wings : RHP Carlos Palacios
Batting: RHB Max Schellekens 0-0: Called Strike
0-1: Called Strike
0-2: Ball
1-2: Ball
2-2: Ball
3-2: Strikes out swinging
Batting: RHB Steve Martin 0-0: Ball
1-0: Ball
2-0: Called Strike
2-1: SINGLE (Popup, 34D, EV 55.0 MPH)
Batting: SHB Brendan Bundy 0-0: Called Strike
Steve Martin steals 2nd base
0-1: Ball
1-1: Swinging Strike
1-2: Ball
2-2: Ball
3-2: Foul Ball, location: 2F
3-2: Strikes out swinging
Batting: RHB Brad Robidas 0-0: SINGLE (Groundball, 34D, EV 98.1 MPH)
Steve Martin to third
Runner from 3rd tries for Home, SAFE, throw by RF to home
Batting: LHB Jawad Fahad 0-0: Called Strike
Brad Robidas steals 2nd base
0-1: Ball
1-1: Ball
2-1: Ball
3-1: Base on Balls
Pitching: LHP Inkei Wakamatsu
Batting: RHB Kagetoki Kawai 0-0: Swinging Strike
0-1: Swinging Strike
0-2: Strikes out swinging
Bottom of the 8th over - 1 run, 2 hits, 0 errors, 2 left on base; Rochester 4 - Tacoma 11
TOP OF THE 9TH
Rochester Red Wings batting - Pitching for Tacoma Rainiers : RHP David Lane
Batting: RHB Jon Hice 0-0: Ball
1-0: Ball
2-0: Fly out, F6 (Line Drive, 6, EV 62.5 MPH)
Batting: RHB Manuel Juarez 0-0: Ball
1-0: Ball
2-0: Ball
3-0: Called Strike
3-1: Base on Balls
Pitching: LHP Adam Parrish
Batting: LHB Matt Robertson 0-0: Called Strike
0-1: Foul Ball, location: 2F
0-2: 2-RUN HOME RUN (Line Drive, 9LD, EV 95.6 MPH), Distance : 350 ft
Batting: RHB Matthew Starr 0-0: Ball
1-0: Ball
2-0: Ball
3-0: Called Strike
3-1: SINGLE (Groundball, 34D, EV 93.8 MPH)
Batting: LHB Jayden Thomas 0-0: Fielders Choice at 2nd, 3-6 (Groundball, 3, EV 93.1 MPH)
Batting: LHB Israel Montoya 0-0: Ball
1-0: Called Strike
1-1: Ground out U3 (Groundball, 3, EV 79.4 MPH)
Top of the 9th over - 2 runs, 2 hits, 0 errors, 1 left on base; Rochester 6 - Tacoma 11
Thursday, December 15th , 2022 - OOTP Baseball 23.9 Build 102